 Dungeon Crawl Stone Soup version 0.23-a0-644-gb60d84b (webtiles) character file.

1698 Borgoz the Grappler (level 9, -1/71 HPs)
             Began as a Ghoul Gladiator on Jan 1, 2019.
             Slain by a red ugly thing (11 damage)
             ... on level 7 of the Dungeon.
             The game lasted 00:09:06 (5108 turns).

Borgoz the Grappler (Ghoul Gladiator)               Turns: 5108, Time: 00:09:07

Health: -1/71      AC:  8    Str: 18    XL:     9   Next: 3%
Magic:  8/8        EV: 12    Int:  3    God:
Gold:   417        SH:  0    Dex: 13    Spells: 8/8 levels left

rFire    . . .     SeeInvis +     - Unarmed
rCold    + . .     Gourm    .   (no shield)
rNeg     + + +     Faith    .   g - +0 scale mail
rPois    ∞         Spirit   .   b - +0 helmet
rElec    .         Reflect  .   (no cloak)
rCorr    .         Harm     .   (no gloves)
MR       .....                  (no boots)
Stlth    ..........             (no amulet)
HPRegen  0.00/turn              a - ring of attention (curse)
MPRegen  0.11/turn              k - ring of see invisible

@: rotting
A: rotting body, claws 1, carnivore, cold resistance 1, negative energy
resistance 3, inhibited regeneration, torment resistance, unbreathing
a: no special abilities


You were on level 7 of the Dungeon.
You were not hungry.

You visited 2 branches of the dungeon, and saw 9 of its levels.

You collected 417 gold pieces.

Inventory:

Hand Weapons
 u - a +3 quarterstaff of chaos
Missiles
 c - 3 throwing nets (quivered)
Armour
 b - a +0 helmet (worn)
 g - a +0 scale mail (worn)
Jewellery
 a - a cursed ring of attention (left claw)
 f - an uncursed ring of protection from magic
 k - a ring of see invisible (right claw)
Wands
 o - a wand of flame (12)
 t - a wand of acid (11)
 y - a wand of random effects (38)
 E - a wand of paralysis (9)
Scrolls
 e - 2 scrolls of fear {unknown}
 j - 5 scrolls of identify {unknown}
 m - a scroll of amnesia {unknown}
 n - a scroll of blinking {unknown}
 p - a scroll of remove curse {unknown}
 r - 3 scrolls of noise {unknown}
 v - a scroll of torment {unknown}
 w - a scroll of enchant armour {unknown}
 A - a scroll of fog {unknown}
 D - 2 scrolls of random uselessness {unknown}
Potions
 h - a potion of agility {unknown}
 i - 7 potions of curing
 l - a potion of brilliance {unknown}
 q - 3 potions of magic {unknown}
 s - 2 potions of flight {unknown}
 x - a potion of degeneration {unknown}
 z - a potion of cancellation {unknown}
 B - a potion of might {unknown}
Comestibles
 d - 13 rations


   Skills:
 + Level 3.8 Fighting
 - Level 1.7 Throwing
 + Level 4.9 Armour
 + Level 4.3 Dodging
 + Level 9.8 Unarmed Combat


You had 8 spell levels left.
You didn't know any spells.
Your spell library was empty.

Dungeon Overview and Level Annotations

Branches:
Dungeon (8/15)             Temple (1/1) D:7
   Lair: D:8-11

Altars:
Ashenzari
Cheibriados
Elyvilon
Fedhas
Gozag
Hepliaklqana
Kikubaaqudgha
Makhleb
Nemelex Xobeh
Okawaru
Qazlal
Ru
Sif Muna
Trog
Uskayaw
Vehumet
Wu Jian
Yredelemnul
Zin
The Shining One

Shops:
D:6 (

Annotations:
D:3 3 runed doors, Duffy's ghost, amateur DsFE


Innate Abilities, Weirdness & Mutations

Your body is rotting away.
You thrive on raw meat.
You are immune to poison.
You have sharp fingernails.
You are carnivorous and can eat meat at any time.
Your flesh is cold resistant. (rC+)
You are immune to negative energy. (rN+++)
You do not regenerate when monsters are visible.
You are immune to unholy pain and torment.
You can survive without breathing.


Message History

You claw the red ugly thing!
The red ugly thing is moderately wounded.
You barely miss the red ugly thing.
The red ugly thing is moderately wounded.
The red ugly thing misses you.
You claw the red ugly thing!
The red ugly thing is heavily wounded.
The red ugly thing barely misses you.
You claw the red ugly thing!
The red ugly thing is heavily wounded.
The red ugly thing headbutts you but does no damage.
The phantom blinks!
You closely miss the red ugly thing.
The red ugly thing is heavily wounded.
The red ugly thing headbutts you!
You are engulfed in flames!!
* * * LOW HITPOINT WARNING * * *
You claw the red ugly thing!
The red ugly thing is severely wounded.
The red ugly thing headbutts you!
You die...

......................
#......####...........
#.#...######.......#
...#.####.........##
#.....##.....#....#
#..###........#.8.##
##.# #.#.....##.>..#
##.###.##.#.###u8#.#
............§...@#.#
.#.######.#.##...#u#
##.# #.#.##...#.# .#^
#........#.# .#
#........#.# ..
#........#.# ?#.
#.>.....##.# ...#
#.......##.# ##...#.##


You could see a red ugly thing.

Vanquished Creatures
  A sky beast (D:8)
  A phantom (D:5)
  2 ice beasts
  A black bear (D:8)
  2 ogres
  A big kobold (D:8)
  2 scorpions (D:4)
  3 howler monkeys (D:7)
  A centaur zombie (D:7)
  A crimson imp (D:8)
  3 hounds
  3 orc priests (D:4)
  A bullfrog skeleton (D:4)
  7 orc wizards
  Crazy Yiuf (D:4)
  An iguana (D:8)
  2 worker ants
  A killer bee zombie (D:7)
  Robin (D:3)
  6 gnolls
  4 adders
  A shadow imp (D:8)
  An adder zombie (D:6)
  A worm (D:2)
  3 dart slugs
  A leopard gecko (D:2)
  11 orcs
  4 bats
  3 giant cockroaches
  13 goblins
  8 hobgoblins
  8 jackals
  2 quokkas
  A ball python (D:2)
  9 kobolds
  A leopard gecko skeleton (D:5)
  2 quokka zombies
  6 rats
120 creatures vanquished.

Vanquished Creatures (others)
  2 plants (D:3)
2 creatures vanquished.

Grand Total: 122 creatures vanquished

Notes
Turn   | Place    | Note
-------+----------+-------------------------------------------
     0 | D:1      | Borgoz the Ghoul Gladiator began the quest for the Orb.
     0 | D:1      | Reached XP level 1. HP: 17/17 MP: 0/0
   319 | D:1      | Reached XP level 2. HP: 19/24 MP: 1/1
  1085 | D:2      | Reached XP level 3. HP: 26/29 MP: 2/2
  1448 | D:3      | Noticed Robin
  1523 | D:2      | Reached skill level 4 in Unarmed Combat
  1637 | D:2      | Reached XP level 4. HP: 20/37 MP: 3/3
  1662 | D:3      | Killed Robin
  1707 | D:3      | Reached skill level 1 in Armour
  2060 | D:3      | Found a runed gate.
  2061 | D:3      | Noticed a big kobold
  2061 | D:3      | Noticed a big kobold
  2062 | D:3      | Found a runed gate.
  2062 | D:3      | Found a runed gate.
  2062 | D:3      | Noticed Duffy's ghost (amateur DsFE)
  2187 | D:4      | Reached skill level 5 in Unarmed Combat
  2187 | D:4      | Reached XP level 5. HP: 31/42 MP: 4/4
  2188 | D:4      | Noticed an ogre
  2271 | D:4      | Reached XP level 6. HP: 29/50 MP: 5/5
  2343 | D:4      | Reached skill level 6 in Unarmed Combat
  2373 | D:3      | Reached XP level 7. HP: 39/57 MP: 6/6
  2624 | D:4      | Found a runed door.
  2809 | D:4      | Noticed Crazy Yiuf
  2814 | D:4      | Killed Crazy Yiuf
  2814 | D:4      | Reached skill level 7 in Unarmed Combat
  2849 | D:5      | Entered Level 5 of the Dungeon
  3041 | D:5      | Found a radiant altar of Vehumet.
  3203 | D:5      | Reached skill level 8 in Unarmed Combat
  3209 | D:5      | Reached XP level 8. HP: 63/63 MP: 7/7
  3331 | D:6      | Found Appam's Antique Weapon Shoppe.
  3426 | D:6      | Found a stormy altar of Qazlal.
  3426 | D:6      | Found a bloodstained altar of Trog.
  3533 | D:6      | Found a blossoming altar of Fedhas.
  3829 | D:6      | Found a burning altar of Makhleb.
  4001 | D:7      | Found a staircase to the Ecumenical Temple.
  4020 | Temple   | Entered the Ecumenical Temple
  4135 | D:7      | Noticed a red ugly thing
  4655 | D:8      | Reached skill level 9 in Unarmed Combat
  5008 | D:8      | Noticed a wyvern
  5058 | D:7      | Reached XP level 9. HP: 68/71 MP: 8/8
  5108 | D:7      | Slain by a red ugly thing

Vault maps used:
D:1:      nzn_arrival_settlement
D:2:      kennysheep_flooded_box, grunt_decor_mini_mirrors
D:3:      gammafunk_ghost_nasty_kobolds, uniq_robin
D:4:      first_ration, palyth_stone_intersect, corexii_leaking_fountain,
          chequers_serial_rivers_micro_c, uniq_crazy_yiuf_cottage
D:5:      vehumet_crystals, hangedman_decor_slide_cut
D:6:      lemuel_doored_altar, chequers_temple_overflow_statue_of_worship,
          serial_shops, nicolae_shop_waterfront, fedhas_altar_4
D:7:      old_standard_altar, kennysheep_little_box, temple_statues, basic_altar
Temple:   lightli_temple_of_artemis

Skill      XL: |  1  2  3  4  5  6  7  8 |
---------------+-------------------------+-----
Dodging        | 3 4 |  4.3
Unarmed Combat | 4 5 6 8 9 |  9.8
Armour         | 1 2 3 4 |  4.9
Fighting       | 3 |  3.8
Throwing       | |  1.7

Action                   |  1- 3 |  4- 6 |  7- 9 || total
-------------------------+-------+-------+-------++-------
Melee: Unarmed           |    99 |   118 |   238 ||   455
       Punch             |     2 |     2 |    12 ||    16
  Use: Potion            |       |     3 |     3 ||     6
  Eat: Chunk             |     5 |    19 |    18 ||    42
Armor: Leather armour    |     7 |       |       ||     7
       Scale mail        |    52 |    46 |    92 ||   190
Dodge: Dodged            |    82 |    76 |   147 ||   305

Table legend:
 A = Non-vault XP
 B = Vault XP
 C = Vault XP percentage of total XP
 D = Non-vault monster count
 E = Vault monster count
 F = Vault count percentage of total count
                 A         B        C        D         E       F
            +---------+---------+-------+---------+---------+-------
      Total |    2349 |      78 |   3.2 |     107 |      13 |  10.8
            +---------+---------+-------+---------+---------+-------
        D:1 |      24 |       0 |   0.0 |      12 |       0 |   0.0
        D:2 |      26 |      22 |  45.8 |      12 |      11 |  47.8
        D:3 |     108 |      15 |  12.2 |      14 |       1 |   6.7
        D:4 |     575 |      41 |   6.7 |      18 |       1 |   5.3
        D:5 |     417 |       0 |   0.0 |      12 |       0 |   0.0
        D:6 |      29 |       0 |   0.0 |       7 |       0 |   0.0
        D:7 |     417 |       0 |   0.0 |      13 |       0 |   0.0
        D:8 |     753 |       0 |   0.0 |      19 |       0 |   0.0
            +---------+---------+-------+---------+---------+-------
